 Dungeon Crawl Stone Soup version 0.28-a0-697-g47f3eba078 (webtiles) character file.

Game seed: 12457250494499906995

1239 porpoise the Magician (level 8, 0/43 HPs)
             Began as a Deep Elf Conjurer on Oct 24, 2021.
             Slain by an orc warrior (14 damage)
             ... on level 5 of the Dungeon.
             The game lasted 00:20:21 (6957 turns).

porpoise the Magician (Deep Elf Conjurer)           Turns: 6957, Time: 00:20:21

Health: 0/43       AC:  2    Str:  5    XL:     8   Next: 25%
Magic:  5/20       EV: 12    Int: 25    God:
Gold:   231        SH:  0    Dex: 13    Spells: 10/21 levels left

rFire   . . .      SeeInvis .   b - +0 hunting sling
rCold   . . .      Faith    .   (no shield)
rNeg    . . .      Spirit   .   d - +0 robe
rPois   .          Reflect  .   (no helmet)
rElec   .          Harm     .   (no cloak)
rCorr   .          Rampage  .   (no gloves)
Will    .....                   (no boots)
Stlth   ++........              (no amulet)
HPRegen 0.14/turn               (no ring)
MPRegen 0.17/turn               (no ring)

@: no status effects
A: no striking features
a: no special abilities


You were on level 5 of the Dungeon.
You visited 2 branches of the dungeon, and saw 7 of its levels.

You collected 231 gold pieces.

Inventory:

Hand Weapons
 a - a +2 whip of electrocution
 b - a +0 hunting sling (weapon)
 o - a +2 dagger of speed
Missiles
 c - 168 stones
 e - 4 boomerangs
 f - 57 sling bullets (quivered ammo)
 v - 9 poisoned darts
Armour
 d - a +0 robe (worn)
 h - a +0 buckler
Scrolls
 g - 2 scrolls of identify {unknown}
 j - 2 scrolls of amnesia {unknown}
 m - a scroll of blinking {unknown}
 s - a scroll of teleportation {unknown}
 t - a scroll of enchant armour {unknown}
 u - a scroll of magic mapping {unknown}
 w - a scroll of enchant weapon {unknown}
Potions
 i - a potion of curing {unknown}
 k - a potion of berserk rage {unknown}
 l - a potion of resistance {unknown}
 n - 2 potions of magic {unknown}
 p - a potion of might {unknown}
 q - 2 potions of haste {unknown}
 r - 2 potions of degeneration {unknown}
 x - a potion of heal wounds {unknown}


   Skills:
 + Level 1.1 Fighting
 - Level 2.4 Dodging
 - Level 2.4 Stealth
 - Level 7.0 Spellcasting
 + Level 6.5 Conjurations
 - Level 7.0 Hexes
 - Level 5.0 Translocations


You had 10 spell levels left.
You knew the following spells:

 Your Spells              Type           Power      Damage    Failure   Level
a - Magic Dart            Conj           100%       1d8       1%          1
b - Searing Ray           Conj           82%        2d7       1%          2
c - Fulminant Prism       Conj/Hex       21%        3d13      4%          4
d - Iskenderun's Mystic   Conj/Tloc      37%        2d9       6%          4

Your spell library contained the following spells:

 Spells                   Type           Power      Damage    Failure   Level
 Dazzling Flash           Conj/Hex       84%        N/A       1%          3
 Mephitic Cloud           Conj/Pois/Air  19%        N/A       9%          3
 Call Imp                 Summ           8%         N/A       10%         2
 Animate Armour           Summ/Erth      16%        N/A       54%         4
 Blade Hands              Tmut           4%         N/A       88%         5
 Iron Shot                Conj/Erth      12%        9d3       95%         6


Dungeon Overview and Level Annotations

Branches:
Dungeon (6/15)             Temple (1/1) D:5

Altars:
Elyvilon
Gozag
Qazlal
Trog
Uskayaw
Wu Jian
Xom
Zin
Lugonu

Annotations:
D:2 Terence


Message History

Beogh smites you! The orc warrior closely misses you.
You climb upwards.
There is a stone staircase leading down here.
Casting: Searing Ray (safe; 1% risk of failure)
Confirm with . or Enter, or press ? or * to list all spells.
The spell is quite dangerous to cast (6% risk of failure)!
Continue anyway?
You erupt in a blast of force!
The mystic blast hits the orc warrior!
The orc warrior is moderately wounded.
The orc warrior is knocked back by the mystic blast.
The orc warrior slams into the rock wall!
Unknown command.
Casting: Iskenderun's Mystic Blast (quite dangerous; 6% risk of failure)
Confirm with . or Enter, or press ? or * to list all spells.
The spell is quite dangerous to cast (6% risk of failure)!
Continue anyway?
You erupt in a blast of force!
The mystic blast hits the orc warrior.
The orc warrior is heavily wounded.
The orc warrior is knocked back by the mystic blast.
The orc warrior slams into the rock wall!
Unknown command.
Casting: Iskenderun's Mystic Blast (quite dangerous; 6% risk of failure)
Confirm with . or Enter, or press ? or * to list all spells.
The spell is quite dangerous to cast (6% risk of failure)!
Continue anyway?
You erupt in a blast of force!
The mystic blast hits the orc warrior.
The orc warrior is severely wounded.
The orc warrior is knocked back by the mystic blast.
The orc warrior slams into the rock wall!
The orc warrior hits you with a +0 flail.
Unknown command.
Casting: Iskenderun's Mystic Blast (quite dangerous; 6% risk of failure)
Confirm with . or Enter, or press ? or * to list all spells.
Aiming: Searing Ray (safe; 1% risk of failure)
Press: ? - help, Shift-Dir - straight line, f - orc warrior
Aim: an orc warrior, wielding a +0 flail and wearing a +0 chain mail (almost dead, 80% to hit)
The searing ray misses the orc warrior. (Press . to maintain the ray.)
The orc warrior hits you with a +0 flail!
The searing ray hits the orc warrior.
The orc warrior is almost dead.
The orc warrior hits you with a +0 flail!
You die...

# ###..####.........##.......
#######....## #..........†......#
............###............##...#
.........##.......####.........##
....#.##.....#.............##.###
##.......#..###...####.....##.# #
##.........## #..## #.....##[# #
........#### #))# ##...##..###
...#..#########o@# #...#..###.
.####.)))....##).######...#.###..
## ######......................#
########...##.<.[..#<.....#.#####
.....>...######......##...#.#
.##############..#........#.# ##
##.........#...######.#
###>.####...##...# #.# ####...##
#<..###### #.#


You could see an orc warrior.

Vanquished Creatures
  A black bear (D:5)
  An ice beast (D:5)
  A sky beast (D:5)
  2 necrophages (D:4)
  An ogre (D:4)
  A scorpion (D:5)
  A howler monkey (D:6)
  5 hounds
  An orc priest (D:5)
  A bullfrog skeleton (D:5)
  2 iguanas
  Natasha (thrice) (D:2)
  2 orc wizards
  Robin (D:2)
  3 gnolls (D:5)
  4 adders
  An ufetubus (D:6)
  An adder skeleton (D:4)
  A worm (D:3)
  3 dart slugs
  14 orcs
  8 ball pythons
  12 endoplasms
  2 giant cockroaches
  16 goblins
  12 hobgoblins
  4 jackals (D:1)
  4 quokkas
  11 bats
  4 frilled lizards
  10 kobolds
  A quokka skeleton (D:4)
  7 rats
141 creatures vanquished.

Notes
Turn   | Place    | Note
-------+----------+-------------------------------------------
     0 | D:1      | porpoise the Deep Elf Conjurer began the quest for the Orb.
     0 | D:1      | Reached XP level 1. HP: 10/10 MP: 6/6
   169 | D:1      | Found a faded altar of an unknown god.
   222 | D:1      | Reached XP level 2. HP: 15/15 MP: 2/8
   276 | D:1      | Learned a level 2 spell: Searing Ray
   543 | D:1      | You fall into a shaft and drop 1 floor!
   543 | D:2      | Noticed Robin
   547 | D:2      | Killed Robin
   548 | D:2      | Reached skill level 5 in Conjurations
   548 | D:2      | Reached XP level 3. HP: 10/19 MP: 3/10
  1008 | D:2      | Noticed Natasha
  1012 | D:2      | Killed Natasha
  1013 | D:2      | Reached XP level 4. HP: 14/24 MP: 4/12
  1205 | D:2      | Reached skill level 5 in Spellcasting
  1254 | D:2      | Noticed Natasha
  1259 | D:2      | Killed Natasha
  1276 | D:2      | Noticed Terence
  1621 | D:1      | Reached XP level 5. HP: 28/28 MP: 11/14
  1928 | D:2      | Noticed Natasha
  1934 | D:2      | Killed Natasha
  2124 | D:1      | Learned a level 4 spell: Fulminant Prism
  2129 | D:1      | Learned a level 4 spell: Iskenderun's Mystic Blast
  2811 | D:3      | Reached skill level 1 in Hexes
  3746 | D:3      | Reached XP level 6. HP: 32/32 MP: 12/17
  4744 | D:4      | Reached skill level 1 in Translocations
  4926 | D:4      | Reached skill level 5 in Hexes
  4926 | D:4      | Reached XP level 7. HP: 36/36 MP: 14/19
  5043 | D:4      | Found a hide-covered altar of Uskayaw.
  5186 | D:5      | Entered Level 5 of the Dungeon
  5636 | D:5      | Found a staircase to the Ecumenical Temple.
  5778 | Temple   | Entered the Ecumenical Temple
  6203 | D:5      | Reached XP level 8. HP: 13/41 MP: 10/20
  6539 | D:5      | Reached skill level 5 in Translocations
  6867 | D:6      | Reached skill level 1 in Fighting
  6957 | D:5      | Slain by an orc warrior

Illustrated notes

Levels and vault maps discovered:
D:1:      wander_arrival_lonely_grave, layout_loops_cross,
          dreamdust_ecumenical_altar_hidden_monk_grotto,
          chequers_serial_rivers_room_a
D:2:      layout_basic, grunt_ministairs_10, mrwooster_statue_mirror,
          minmay_circle_x, uniq_robin, uniq_terence, uniq_natasha
D:3:      layout_basic
D:4:      minmay_skewed_foursquare, layout_cave_pods, kennysheep_mini
D:5:      layout_rooms, minmay_temple_entry_junction_2
D:6:      layout_cave_pools, kennysheep_orc_sif_temple, lightli_corner_chamber,
          uniq_maggie
Temple:   corrupted_temple

Skill      XL: |  1  2  3  4  5  6  7  8 |
---------------+-------------------------+-----
Spellcasting   | 4 5 6 7 |  7.0
Conjurations   | 5 6 |  6.5
Hexes          | 2 5 7 |  7.0
Translocations | 2 4 5 |  5.0
Fighting       | 1 |  1.1
Dodging        | |  2.4
Stealth        | |  2.4

Action                   |  1- 3 |  4- 6 |  7- 9 || total
-------------------------+-------+-------+-------++-------
Melee: Unarmed           |     1 |       |       ||     1
       Dagger            |     2 |       |       ||     2
 Fire: Hunting sling     |       |    28 |    15 ||    43
 Cast: Magic Dart        |    29 |    64 |       ||    93
       Searing Ray       |     8 |    26 |    24 ||    58
       Iskenderun's Myst |       |       |     6 ||     6
Armor: Robe              |     2 |     6 |     3 ||    11
Dodge: Dodged            |     4 |    30 |    19 ||    53

Table legend: (Time is in decaauts)
 A = Elapsed time spent in this place.
 B = Non-inter-level travel time spent in this place.
 C = Inter-level travel time spent in this place.
 D = Time resting spent in this place.
 E = Time spent auto-exploring this place.
 F = Levels seen in this place.
 G = Mean time per level.
                   A        B        C        D        E       F      G
               +--------+--------+--------+--------+--------+-----+--------+
         Total |   6968 |   6777 |    191 |   2805 |   3251 |   7 |  995.4 |
       Dungeon |   6921 |   6743 |    178 |   2805 |   3224 |   6 | 1153.5 |
        Temple |     46 |     33 |     13 |      0 |     27 |   1 |   46.0 |
               +--------+--------+--------+--------+--------+-----+--------+

Top non-repeatable levels by time:
     D:5: 1712 daAuts
     D:2: 1362 daAuts
     D:1: 1361 daAuts
     D:3: 1248 daAuts
     D:4: 1219 daAuts
  Temple: 46 daAuts
     D:6: 16 daAuts
